 Dungeon Crawl Stone Soup version 0.22-a0-305-gd21a89c (webtiles) character file.

2 mhoghedin the Grave Robber (level 1, 0/14 HPs)
             Began as a Ghoul Necromancer on Mar 29, 2018.
             Slain by an adder (4 damage)
             ... on level 2 of the Dungeon.
             The game lasted 00:02:10 (186 turns).

mhoghedin the Grave Robber (Ghoul Necromancer)       Turns: 186, Time: 00:02:11

Health: 0/14       AC:  2    Str: 11    XL:     1   Next: 30%
Magic:  0/2        EV: 12    Int: 10    God:
Gold:   2          SH:  0    Dex:  9    Spells: 2/3 levels left

rFire    . . .     SeeInvis .   d - +0 club
rCold    + . .     Gourm    .   (no shield)
rNeg     + + +     Faith    .   a - +0 robe
rPois    ∞         Spirit   .   (no helmet)
rElec    .         Reflect  .   (no cloak)
rCorr    .         Harm     .   (no gloves)
MR       .....                  (no boots)
Stlth    ++........             (no amulet)
HPRegen  0.00/turn              (no ring)
MPRegen  0.08/turn              (no ring)

@: rotting
A: rotting body, claws 1, carnivore, cold resistance 1, negative energy
resistance 3, inhibited regeneration, torment resistance, unbreathing
a: no special abilities


You were on level 2 of the Dungeon.
You were not hungry.

You visited 1 branch of the dungeon, and saw 2 of its levels.

You collected 2 gold pieces.

Inventory:

Hand Weapons
 d - a +0 club (weapon)
   (You took it off a goblin on level 1 of the Dungeon)
Armour
 a - a +0 robe (worn)
Scrolls
 b - a scroll of identify {unknown}
 e - a scroll of random uselessness {unknown}
Potions
 f - a potion of curing {unknown}
 g - a potion of might {unknown}
 h - a potion of resistance {unknown}
Comestibles
 c - a ration


   Skills:
 - Level 1.7 Dodging
 - Level 2.1 Stealth
 - Level 1.7 Spellcasting
 + Level 4.1 Necromancy


You had 2 spell levels left.
You knew the following spells:

 Your Spells              Type           Power        Failure   Level  Hunger
a - Pain                  Necr           #...         6%          1    ##.....


Dungeon Overview and Level Annotations

Branches:
Dungeon (1/15)

Altars:


Innate Abilities, Weirdness & Mutations

Your body is rotting away.
You thrive on raw meat.
You are immune to poison.
You have sharp fingernails.
You are carnivorous and can eat meat at any time.
Your flesh is cold resistant. (rC+)
You are immune to negative energy. (rN+++)
You do not regenerate when monsters are visible.
You are immune to unholy pain and torment.
You can survive without breathing.


Message History

Welcome, mhoghedin the Ghoul Necromancer.
The bosom of this dungeon contains the fabled artefact, the Orb of Zot.
Found a staircase leading out of the dungeon.
b - a scroll labeled OVOXTE GEUPRASM A goblin comes into view.
It is wielding a club.
Aim: a goblin, wielding a club (resting, chance to defeat MR: 73%)
The goblin shouts!
The goblin writhes in agony!
You now have 1/2 mp.
Aim: a goblin, wielding a club (heavily wounded, chance to defeat MR: 73%)
The goblin struggles to resist.
You now have 0/2 mp.
You closely miss the goblin. The goblin hits you but does no damage.
You miss the goblin. The goblin barely misses you.
You scratch the goblin.
You kill the goblin!
d - a club Wield which item (- for none, * to show all)? (? for menu, Esc to quit)
d - a +0 club (weapon)
You start resting.
MP restored: 2
Found a stone staircase leading down.
e - a scroll labeled SELEYSMOYWI You fall through a shaft!
The shaft crumbles and collapses.
A worm comes into view.
A worm is nearby!
Unknown command.
A worm is nearby!
Unknown command.
Unknown command.
Unknown command.
Unknown command.
f - a fuming emerald potion Unknown command.
Unknown command.
Welcome back, mhoghedin the Ghoul Necromancer.
The worm is too close now for your liking.
A worm is nearby!
Aim: a worm (chance to defeat MR: 68%)
The worm struggles to resist.
You now have 1/2 mp.
Aim: a worm (chance to defeat MR: 68%)
The worm struggles to resist.
You now have 0/2 mp.
You don't have enough magic to cast that spell.
MP restored: 2 You now have 2 gold pieces.
g - a lumpy purple potion
h - a fuming amethyst potion You open the door.
A frilled lizard comes into view.
Found a stone staircase leading down.
Aim: a frilled lizard (resting, chance to defeat MR: 76%)
The frilled lizard hisses angrily.
The frilled lizard barely resists.
An adder comes into view.
You now have 1/2 mp.
Aim: a frilled lizard (chance to defeat MR: 76%)
The frilled lizard barely resists.
You now have 0/2 mp.
The frilled lizard bites you but does no damage.
You closely miss the frilled lizard. The frilled lizard misses you.
The frilled lizard closely misses you.
You closely miss the frilled lizard. The frilled lizard closely misses you.
You barely miss the frilled lizard. The frilled lizard bites you.
You take 1 damage, and have 13/14 hp.
You barely miss the frilled lizard. The frilled lizard barely misses you.
The frilled lizard bites you but does no damage.
You barely miss the frilled lizard.
The frilled lizard bites you but does no damage.
You hit the frilled lizard but do no damage.
The frilled lizard barely misses you.
You hit the frilled lizard.
You kill the frilled lizard!
The adder bites you.
You take 5 damage, and have 8/14 hp.
MASSIVE DAMAGE!!
Aim: an adder (chance to defeat MR: 68%)
The adder writhes in agony!
The adder bites you but does no damage.
You now have 0/2 mp.
You hit the adder. The adder closely misses you. The adder barely misses you.
You hit the adder. The adder misses you. The adder closely misses you.
You hit the adder. The adder barely misses you. The adder closely misses you.
You miss the adder. The adder bites you.
* * * LOW HITPOINT WARNING * * *
You take 4 damage, and have 4/14 hp.
MASSIVE DAMAGE!!
Unknown command.
You closely miss the adder. The adder barely misses you.
The adder bites you but does no damage.
You closely miss the adder. The adder bites you.
You die...

.........
........ ......#
.....# ....# .>.
#S# #@# #.###
#...# ###.# #.#
#.##########
#...........
#######.........
#...............


You could see an adder.

Vanquished Creatures
  A goblin (D:1)
  A frilled lizard (D:2)
2 creatures vanquished.

Notes
Turn   | Place    | Note
-------+----------+-------------------------------------------
     0 | D:1      | mhoghedin the Ghoul Necromancer began the quest for the Orb.
     0 | D:1      | Reached XP level 1. HP: 14/14 MP: 2/2
    55 | D:1      | You fall through a shaft!
   186 | D:2      | Slain by an adder

Vault maps used:
D:1:      dpeg_arrival_ratfight, lexackson_kobold_supper

Action                   || total
-------------------------++-------
Melee: Club              ||    13
       Unarmed           ||     3
 Cast: Pain              ||     7
Armor: Robe              ||     6
Dodge: Dodged            ||    13

Table legend:
 A = Spawn XP
 B = Non-spawn XP
 C = Spawn XP percentage of total XP
 D = Spawn monster count
 E = Non-spawn monster count
 F = Spawn count percentage of total count
 G = Total turns spent on level
                    A         B        C        D         E        F      G
               +---------+---------+-------+---------+---------+-------+---------
         Total |       0 |       3 |   0.0 |       0 |       2 |   0.0 |   186
               +---------+---------+-------+---------+---------+-------+---------
           D:1 |       0 |       2 |   0.0 |       0 |       1 |   0.0 |    55
           D:2 |       0 |       1 |   0.0 |       0 |       1 |   0.0 |   131
               +---------+---------+-------+---------+---------+-------+---------

Vault maps used:
D:1:      dpeg_arrival_ratfight, lexackson_kobold_supper

Table legend:
 A = Turns spent in this place as a percentage of turns spent in the entire game.
 B = Non-inter-level travel turns spent in this place as a percentage of non-inter-level travel turns spent in the entire game.
 C = Inter-level travel turns spent in this place as a percentage of turns spent in this place.
 D = Turns resting spent in this place as a percentage of non-inter-level travel turns spent in this place.
 E = Turns spent auto-exploring this place as a percentage of non-inter-level travel turns spent in this place.
 F = Non-inter-level travel turns spent in this place divided by the number of levels of this place that you've seen.
                   A       B       C       D       E      F
               +-------+-------+-------+-------+-------+----------------------
         Total | 100.0 | 100.0 |   0.0 |   9.7 |  45.2 |  93.0
       Dungeon | 100.0 | 100.0 |   0.0 |   9.7 |  45.2 |  93.0
               +-------+-------+-------+-------+-------+----------------------

Table legend:
 A = Kills in this place as a percentage of kills in entire the game.
 B = Kills by you in this place as a percentage of kills by you in the entire game.
 C = Kills by friends in this place as a percentage of kills by friends in the entire game.
 D = Other kills in this place as a percentage of other kills in the entire game.
 E = Experience gained in this place as a percentage of experience gained in the entire game.
 F = Experience gained in this place divided by the number of levels of this place that you have seen.
                   A       B       C       D       E      F
               +-------+-------+-------+-------+-------+----------------------
         Total | 100.0 | 100.0 |   N/A |   N/A | 100.0 |   1.5
       Dungeon | 100.0 | 100.0 |   N/A |   N/A | 100.0 |   1.5
               +-------+-------+-------+-------+-------+----------------------
